 Dungeon Crawl Stone Soup version 0.31.0-2-g5a2aebc5c2 (webtiles) character file.

Game seed: 12681420394594904174

1523 Fodor the Cleaver (level 8, -5/68 (70) HPs)
             Began as a Minotaur Fighter on Jan 21, 2024.
             Was an Initiate of Gozag.
             Slain by a wight
             ... wielding a +1 battleaxe
              (6 damage)
             ... on level 5 of the Dungeon.
             The game lasted 00:19:32 (3474 turns).

Fodor the Cleaver (Minotaur Fighter)                Turns: 3474, Time: 00:19:34

HP:   -5/68 (70)    AC: 17    Str: 28    XL:     8   Next: 54%
MP:   0/7           EV:  7    Int:  5    God:    Gozag
Gold: 253           SH:  0    Dex: 11    Spells: 7/7 levels left

rFire   . . .        D - +1 halberd (heavy)
rCold   . . .        (shield currently unavailable)
rNeg    + . .        f - +1 plate armour
rPois   .            w - +1 hat
rElec   .            (no cloak)
rCorr   .            l - +1 pair of gloves
SInv    .            (no boots)
Will    .....        k - amulet of guardian spirit Stlth
                     y - ring of positive energy
HPRegen 0.31/turn    B - +6 ring of strength
MPRegen 0.10/turn

%: guardian spirit
@: gold aura, lightly drained
A: horns 2, retaliatory headbutt
a: Renounce Religion, Potion Petition, Call Merchant, Bribe Branch


You were on level 5 of the Dungeon.
You worshipped Gozag.
Gozag was aware of your devotion.
You visited 1 branch of the dungeon, and saw 5 of its levels.

You collected 481 gold pieces.
You spent 194 gold pieces at shops.
You paid 34 gold pieces to Gozag.

Inventory:

Hand Weapons
 a - a +0 war axe
 D - a +1 heavy halberd (weapon)
Armour
 f - a +1 plate armour (worn)
 j - a +0 kite shield
 l - a +1 pair of gloves (worn)
 w - a +1 hat (worn)
Jewellery
 k - an amulet of guardian spirit (around neck)
 m - a ring of magical power
 y - a ring of positive energy (left hand)
 z - a ring of fire
 B - a +6 ring of strength (right hand)
Scrolls
 b - 2 scrolls of noise
 e - 3 scrolls of revelation
 h - a scroll of poison
 i - a scroll of amnesia {unknown}
 p - a scroll of fear
 A - a scroll of enchant weapon
 C - a scroll of immolation {unknown}
Potions
 c - 2 potions of haste {unknown}
 d - 2 potions of might
 n - a potion of brilliance {unknown}
 o - 2 potions of mutation {unknown}
 q - 2 potions of heal wounds {unknown}
 r - 3 potions of invisibility {unknown}
 s - a potion of enlightenment {unknown}
 t - 4 potions of attraction {unknown}
 u - a potion of lignification {unknown}
 v - a potion of cancellation {unknown}
 x - a potion of degeneration {unknown}


   Skills:
 + Level 6.0 Fighting
 + Level 8.9(9.0) Axes
 + Level 1.5(5.8) Polearms
 + Level 6.6 Armour
 + Level 0.5 Dodging
 + Level 1.2 Stealth
 + Level 6.3 Shields


You had 7 spell levels left.
You didn't know any spells.
Your spell library was empty.

Dungeon Overview and Level Annotations

Branches:
Dungeon (5/15)
 Temple: D:4-7

Altars:
Gozag
Kikubaaqudgha
Qazlal
Sif Muna
Uskayaw

Shops:
D:2 =   D:4 *

Annotations:
D:5 3 runed translucent doors, epsilonplus's ghost, novice AtFi


Innate Abilities, Weirdness & Mutations

You have a pair of horns on your head.
You reflexively headbutt those who attack you in melee.


Message History

You see here a scroll of identify.
You hit the wight. You headbutt the wight!
The wight is almost destroyed.
The wight hits you but does no damage.
A wight comes into view. It is wielding a +1 battleaxe.
A wight comes into view. It is wielding a +4 falchion.
The wight hits you with a +3 war axe. You partially resist.
You feel drained.
You impale the wight!!
You destroy the wight!
Your life force feels restored.
Things that are here:
19 gold pieces; a +3 war axe; a +0 robe You barely miss the wight.
You headbutt the wight!
The wight is heavily damaged.
The wight hits you but does no damage.
The wight hits you with a +4 long sword of freezing.
* * * LOW HITPOINT WARNING * * *
The wight freezes you.
* * * LOW HITPOINT WARNING * * *
The wight hits you but does no damage. The wight barely misses you.
You puncture the wight!
You destroy the wight!
The wight hits you but does no damage. The wight hits you with a +4 falchion!
* * * LOW HITPOINT WARNING * * *
You partially resist.
You feel drained.
* * * LOW HITPOINT WARNING * * *
The wight hits you with a +0 long sword!
* * * LOW HITPOINT WARNING * * *
You partially resist.
You feel drained.
* * * LOW HITPOINT WARNING * * *
The wight barely misses you. The wight hits you but does no damage.
Your Fighting skill increases to level 6!
You barely miss the wight.
The wight hits you with a +0 long sword.
* * * LOW HITPOINT WARNING * * *
You partially resist.
You feel drained.
The wight hits you but does no damage. x2
The wight closely misses you. You furiously retaliate!
You headbutt the wight. The wight hits you with a +1 battleaxe.
You die...
Your body crumbles into a pile of gold.

#.........).........##.
############.##.......##
#.#......##.#.
##.#...........
#.............
#..#.#.#..###
#..#..)...##
#..###z#...## #..#
#@z....##
...###$z.....##
...###.$........ ####
##.(.....## ##.....##
##...## #..... #####


You could see 3 wights.

Vanquished Creatures
  The ghost of Aldia the Trooper, an amateur OnWr of Zin (D:4)
  Sigmund (D:5)
  Eustachio (D:5)
  A black bear (D:5)
  An ice beast (D:4)
  An ogre (D:5)
  A phantom (D:5)
  A scorpion (D:5)
  2 wights (D:5)
  A jelly (D:5)
  A hound (D:5)
  3 orc wizards
  A bullfrog simulacrum (D:4)
  2 scorpion simulacra (D:4)
  13 gnolls
  9 adders
  A hound simulacrum (D:4)
  A white imp (D:5)
  2 ribbon worms
  4 dart slugs
  4 orcs
  9 ball pythons
  4 endoplasms
  A giant cockroach (D:4)
  2 goblins
  9 hobgoblins
  4 jackals (D:3)
  3 quokkas
  7 bats
  2 frilled lizards
  6 kobolds
  4 rats
103 creatures vanquished.

Notes
Turn   | Place    | Note
-------+----------+-------------------------------------------
     0 | D:1      | Fodor the Minotaur Fighter began the quest for the Orb.
     0 | D:1      | Reached XP level 1. HP: 19/19 MP: 0/0
   318 | D:1      | Reached XP level 2. HP: 23/27 MP: 1/1
   516 | D:1      | Reached XP level 3. HP: 33/33 MP: 2/2
   655 | D:2      | Reached skill level 3 in Axes
   805 | D:2      | Reached XP level 4. HP: 16/40 MP: 3/3
  1007 | D:2      | Found Xieg's Jewellery Emporium.
  1291 | D:2      | Reached skill level 4 in Axes
  1677 | D:3      | Reached XP level 5. HP: 43/47 MP: 4/4
  1826 | D:3      | Identified the +1 ring mail "Wyopoi" {+Blink rF+}
  1942 | D:3      | Found a faded altar of an unknown god.
  2048 | D:3      | Found an opulent altar of Gozag.
  2052 | D:3      | Found an ancient bone altar of Kikubaaqudgha.
  2052 | D:3      | Found a hide-covered altar of Uskayaw.
  2052 | D:3      | Found a shimmering blue altar of Sif Muna.
  2052 | D:3      | Found a stormy altar of Qazlal.
  2056 | D:3      | Became a worshipper of Gozag Ym Sagoz the Greedy
  2323 | D:4      | Reached skill level 5 in Shields
  2427 | D:4      | Found a runed translucent gate.
  2427 | D:4      | Found a runed translucent gate.
  2431 | D:4      | Found a runed translucent gate.
  2488 | D:4      | Found Beraf's General Store.
  2546 | D:4      | Bought a scroll of enchant armour for 97 gold pieces
  2546 | D:4      | Bought a scroll of enchant weapon for 97 gold pieces
  2592 | D:4      | Noticed Aldia's ghost (amateur OnWr)
  2593 | D:4      | Noticed an ice beast
  2632 | D:4      | Killed an ice beast
  2633 | D:4      | Reached skill level 5 in Axes
  2633 | D:4      | Reached XP level 6. HP: 55/55 MP: 5/5
  2647 | D:4      | Killed Aldia's ghost
  2648 | D:4      | Reached skill level 5 in Fighting
  2648 | D:4      | Reached skill level 6 in Axes
  2648 | D:4      | Reached skill level 5 in Armour
  2648 | D:4      | Reached XP level 7. HP: 45/61 MP: 6/6
  2784 | D:5      | Entered Level 5 of the Dungeon
  2798 | D:5      | Reached skill level 7 in Axes
  2899 | D:5      | Found a runed translucent gate.
  2899 | D:5      | Noticed epsilonplus's ghost (novice AtFi)
  2900 | D:5      | Found a runed translucent gate.
  2969 | D:5      | Found a runed translucent gate.
  3043 | D:5      | Reached skill level 1 in Stealth
  3060 | D:5      | Reached skill level 8 in Axes
  3105 | D:5      | Noticed Eustachio
  3110 | D:5      | Killed Eustachio
  3111 | D:5      | Reached XP level 8. HP: 38/69 MP: 7/7
  3120 | D:5      | Noticed Sigmund
  3138 | D:5      | Killed Sigmund
  3364 | D:5      | Reached skill level 1 in Polearms
  3473 | D:5      | HP: 3/67 [wight/+0 long sword (2)]
  3474 | D:5      | HP: 1/69 [wight/+0 long sword (2)]
  3474 | D:5      | Slain by a wight

Illustrated notes

Levels and vault maps discovered:
D:1:      dpeg_arrival_refuge, layout_rooms, chequers_avenue, nrook_campfire,
          nicolae_grassy_gnolls
D:2:      layout_basic, serial_shops, shop
D:3:      layout_rooms, grunt_temple_overflow_open,
          shapermc_ecumenical_altar_totnotflames
D:4:      layout_rooms, serial_shops, nicolae_shop_window_shopping,
          gammafunk_ghost_icy
D:5:      layout_loops_ring, ebering_ghost_rock_garden, uniq_eustachio,
          uniq_sigmund

Skill      XL: |  1  2  3  4  5  6  7  8 |
---------------+-------------------------+-----
Fighting       | 4 5 6 |  6.0
Armour         | 4 5 6 |  6.6
Shields        | 4 5 6 |  6.3
Axes           | 3 4 5 6 8 |  8.9
Stealth        | 1 |  1.2
Polearms       | 1 |  1.5
Dodging        | |  0.5

Action                     |  1- 3 |  4- 6 |  7- 9 || total
---------------------------+-------+-------+-------++-------
  Melee: War axe           |    59 |   138 |    45 ||   242
         Headbutt          |     5 |    27 |    15 ||    47
         Halberd           |       |       |    61 ||    61
    Use: Scroll            |       |     6 |       ||     6
         Potion            |       |       |     3 ||     3
   Stab: Distracted        |       |       |     1 ||     1
 Armour: Plate armour      |    68 |   123 |   210 ||   401
         Scale mail        |     3 |       |       ||     3
  Dodge: Dodged            |    22 |    24 |    38 ||    84
  Block: Buckler           |     8 |       |       ||     8
         Kite shield       |    22 |   101 |    23 ||   146
